 Dungeon Sprint DCSS version 0.21.1-1-g345015fe64 (webtiles) character file.

625 Htamos the Nimble (level 7, -2/91 HPs)
             Began as a Deep Dwarf Fighter on July 13, 2018.
             Was an Initiate of Makhleb.
             Succumbed to Sonja's poison
             ... in the Dungeon (Sprint I: "Red Sonja").
             The game lasted 00:03:22 (161 turns).

Htamos the Nimble (Deep Dwarf Fighter)               Turns: 161, Time: 00:03:22

Health: -2/91      AC: 10    Str: 27    XL:     7   Next: 23%
Magic:  5/5        EV: 14    Int:  8    God:    Makhleb [......]
Gold:   243        SH: 11    Dex: 12    Spells: 6/6 levels left

rFire    + . .     SeeInvis .   a - +0 war axe
rCold    . . .     Gourm    .   c - +0 shield
rNeg     . . .     Faith    .   l - +0 chain mail {rF+}
rPois    .         Spirit   .   (no helmet)
rElec    .         Reflect  .   (no cloak)
rCorr    .         Harm     .   (no gloves)
MR       +....     NoTele   +   (no boots)
Stlth    ..........             (no amulet)
HPRegen  0.00/turn              (no ring)
MPRegen  0.09/turn              (no ring)

@: berserking (expiring), lethally poisoned (-2 -> -73), non-regenerating,
slowed
A: damage resistance, heal wounds, sense surroundings 1, no regeneration
a: Heal Wounds, Renounce Religion


You were in the Dungeon.
You worshipped Makhleb.
Makhleb was noncommittal.
You were not hungry.

You visited 1 branch You collected 243 gold pieces.

Inventory:

Hand Weapons
 a - a +0 war axe (weapon)
Armour
 b - a +0 scale mail
 c - a +0 shield (worn)
 l - a +0 chain mail of fire resistance (worn)
Wands
 d - a wand of random effects (29)
Scrolls
 k - a scroll of blinking
Potions
 h - a potion of haste
 i - 2 potions of magic
Comestibles
 f - a ration
 m - 6 chunks of flesh


   Skills:
 - Level 2.6 Fighting
 - Level 2.1 Axes
 + Level 5.8 Armour
 - Level 14.9 Dodging
 + Level 5.8 Shields


You had 6 spell levels left.
You didn't know any spells.

Dungeon Overview and Level Annotations

Branches:
Dungeon (1/1)

Altars:
Cheibriados
Dithmenos
Elyvilon
Fedhas
Gozag
Hepliaklqana
Kikubaaqudgha
Makhleb
Nemelex Xobeh
Okawaru
Qazlal
Ru
Sif Muna
Trog
Uskayaw
Vehumet
Wu Jian
Xom
Yredelemnul
Zin
The Shining One
Jiyva
Lugonu

Shops:
D }

Annotations:
D Sonja


Innate Abilities, Weirdness & Mutations

You are resistant to damage.
You can heal yourself by infusing magical energy.
You passively map a small area around you.
You do not regenerate.


Message History

Sonja hits you but does no damage.
You are more poisoned.
Sonja casts a spell.
Sonja blinks!
You feel much better.
* * * LOW HITPOINT WARNING * * *
You feel extremely sick.
A red film seems to cover your vision as you go berserk!
You feel yourself moving faster!
You feel mighty!
* * * LOW HITPOINT WARNING * * *
You feel extremely sick.
Sonja gestures wildly while chanting.
Sonja blinks!
You feel a strong urge to attack something.
* * * LOW HITPOINT WARNING * * *
You feel extremely sick.
* * * LOW HITPOINT WARNING * * *
You feel extremely sick.
You closely miss Sonja.
You die...

###################
*
#<.#..').#.)'..#__#
,
#..'..#..'..#..'..+
,
#..#####+#####'#__#
*, + #..###
,,#...#[#### *
#..#__####..##(# ≈,
, #..#_____##'#_.+
#⌠⌠#_.∩...'K@._# ,
####_..__##_(#+#*+
* #_____###(# * , ,
####### #.# ** * ,
$.$ , , * + + #$.$#
** * * ##.## , , ,,
,*,#+# , , , +


You could see Sonja.

Vanquished Creatures
  A slime creature (D)
  Sigmund (D)
  A yak (D)
  An ogre (D)
  A jelly (D)
  Ijyb (D)
6 creatures vanquished.

Notes
Turn   | Place    | Note
-------+----------+-------------------------------------------
     0 | D        | Htamos the Deep Dwarf Fighter began the quest for the Orb.
     0 | D        | Reached XP level 1. HP: 20/20 MP: 1/1
     2 | D        | Noticed Ijyb
     9 | D        | Killed Ijyb
     9 | D        | Reached skill level 6 in Dodging
     9 | D        | Reached XP level 2. HP: 27/27 MP: 2/2
    24 | D        | Noticed an ogre
    28 | D        | Killed an ogre
    28 | D        | Reached skill level 9 in Dodging
    28 | D        | Reached XP level 3. HP: 33/33 MP: 3/3
    28 | D        | Reached XP level 4. HP: 40/40 MP: 4/4
    32 | D        | Noticed Sigmund
    40 | D        | Killed Sigmund
    40 | D        | Reached skill level 13 in Dodging
    40 | D        | Reached XP level 5. HP: 46/46 MP: 5/5
    40 | D        | Reached XP level 6. HP: 55/55 MP: 6/6
    52 | D        | Found a burning altar of Makhleb.
    52 | D        | Found a shimmering altar of Xom.
    52 | D        | Noticed a slime creature
    53 | D        | Found a viscous altar of Jiyva.
    53 | D        | Found a corrupted altar of Lugonu.
    66 | D        | Killed a slime creature
    66 | D        | Reached skill level 14 in Dodging
    71 | D        | Became a worshipper of Makhleb the Destroyer
    73 | D        | Found an ornate altar of the Wu Jian Council.
    73 | D        | Found a deep blue altar of Sif Muna.
    80 | D        | Found a radiant altar of Vehumet.
    92 | D        | Found Gigi's Gadget Emporium.
    92 | D        | Found an ancient bone altar of Kikubaaqudgha.
    92 | D        | Found a hazy altar of Hepliaklqana.
    92 | D        | Found a stormy altar of Qazlal.
    92 | D        | Found a hide-covered altar of Uskayaw.
    92 | D        | Found a blossoming altar of Fedhas.
    92 | D        | Found a bloodstained altar of Trog.
    92 | D        | Found an iron altar of Okawaru.
    92 | D        | Found a basalt altar of Yredelemnul.
    92 | D        | Found a glowing golden altar of the Shining One.
    92 | D        | Found a snail-covered altar of Cheibriados.
    92 | D        | Found a sacrificial altar of Ru.
    92 | D        | Found a glowing silver altar of Zin.
    92 | D        | Found a shadowy altar of Dithmenos.
    92 | D        | Found a white marble altar of Elyvilon.
    92 | D        | Noticed a yak
   102 | D        | Killed a yak
   102 | D        | Reached skill level 5 in Armour
   102 | D        | Reached skill level 5 in Shields
   102 | D        | Reached XP level 7. HP: 34/61 MP: 7/7
   103 | D        | Found an opulent altar of Gozag.
   106 | D        | Found a sparkling altar of Nemelex Xobeh.
   142 | D        | Noticed Sonja
   161 | D        | Succumbed to Sonja's poison

Skill      XL: |  1  2  3  4  5  6 |
---------------+-------------------+-----
Dodging        | 6 9 13 14 | 14.9
Armour         | 5 |  5.8
Shields        | 5 |  5.8
Fighting       | |  2.6
Axes           | |  2.1

Action                   |  1- 3 |  4- 6 |  7- 9 || total
-------------------------+-------+-------+-------++-------
Melee: War axe           |     9 |    33 |     8 ||    50
 Abil: Heal Wounds       |       |     2 |     3 ||     5
  Use: Potion            |     1 |       |     3 ||     4
Armor: Scale mail        |     3 |       |       ||     3
       Chain mail        |       |     2 |    21 ||    23
Dodge: Dodged            |     2 |    11 |     8 ||    21
Block: Shield            |     5 |    16 |    17 ||    38
